 Dungeon Crawl Stone Soup version 0.28-a0-1555-g9ae15a6949 (webtiles) character file.

Game seed: 6061532924538782189

128 mordus the Shield-Bearer (level 5, -9/41 HPs)
             Began as a Formicid Fighter on Jan 18, 2022.
             Mangled by an ogre (18 damage)
             ... on level 4 of the Dungeon.
             The game lasted 00:03:40 (3587 turns).

mordus the Shield-Bearer (Formicid Fighter)         Turns: 3587, Time: 00:03:41

Health: -9/41      AC: 11    Str: 22    XL:     5   Next: 33%
Magic:  5/5        EV:  7    Int:  8    God:
Gold:   148        SH:  4    Dex: 10    Spells: 4/4 levels left

rFire   . . .      SeeInvis +   a - +0 long sword
rCold   . . .      Faith    .   c - +0 buckler
rNeg    . . .      Spirit   .   g - +0 chain mail
rPois   .          Reflect  .   (helmet unavailable)
rElec   .          Harm     .   (no cloak)
rCorr   .          Rampage  .   m - +1 pair of gloves
Will    .....                   (no boots)
Stlth   ..........              (no amulet)
HPRegen 0.13/turn               (no ring)
MPRegen 0.09/turn               (no ring)

@: no status effects
A: permanent stasis, dig shafts and tunnels, antennae 3, four strong arms
a: Dig, Shaft Self


You were on level 4 of the Dungeon.
You visited 1 branch of the dungeon, and saw 4 of its levels.

You collected 148 gold pieces.

Inventory:

Hand Weapons
 a - a +0 long sword (weapon)
Armour
 b - a +0 scale mail
 c - a +0 buckler (worn)
 g - a +0 chain mail (worn)
 m - a +1 pair of gloves (worn)
Scrolls
 e - 4 scrolls of identify {unknown}
 h - 3 scrolls of summoning {unknown}
 j - a scroll of holy word {unknown}
Potions
 d - 2 potions of might
 f - a potion of curing {unknown}
 i - a potion of berserk rage {unknown}
 k - 2 potions of ambrosia {unknown}
 l - a potion of flight {unknown}


   Skills:
 - Level 3.2 Fighting
 * Level 3.9 Long Blades
 + Level 4.1 Armour
 + Level 4.6 Shields


You had 4 spell levels left.
You didn't know any spells.
Your spell library contained the following spells:

 Spells                   Type           Power      Damage    Failure   Level
 Ignite Poison            Fire/Tmut/Pois 0%         N/A       100%        3
 Mephitic Cloud           Conj/Pois/Air  0%         N/A       100%        3
 Freezing Cloud           Conj/Ice/Air   0%         6-21      100%        5


Dungeon Overview and Level Annotations

Branches:
Dungeon (4/15)
 Temple: D:4-7

Altars:
Kikubaaqudgha

Shops:
D:2 *   D:4 (


Innate Abilities, Weirdness & Mutations

You cannot be hasted, slowed, berserked, paralysed or teleported.
You can dig through walls and to a lower floor.
You have a pair of large antennae on your head. (SInv)
Your four strong arms can wield two-handed weapons with a shield.


Message History

An ogre is nearby!
You barely miss the ogre. The ogre hits you with a +0 giant club!
An ogre is nearby!
You hit the ogre.
The ogre is lightly wounded.
The ogre closely misses you.
An ogre is nearby!
You slash the ogre!
The ogre is heavily wounded.
The ogre hits you with a +0 giant club!
An ogre is nearby!
You are too injured to fight recklessly!
You are too injured to fight recklessly!
You are too injured to fight recklessly!
You are too injured to fight recklessly!
You barely miss the ogre.
The ogre is heavily wounded.
The ogre hits you with a +0 giant club!
* * * LOW HITPOINT WARNING * * *
The ogre barely misses you.
There is a stone staircase leading up here.
You climb upwards.
There is a stone staircase leading down here.
You start resting.
HP restored.
You climb downwards.
The ogre hits you with a +0 giant club!
There is a stone staircase leading up here.
You barely miss the ogre. The ogre hits you with a +0 giant club!
You slash the ogre!
The ogre is moderately wounded.
The ogre hits you with a +0 giant club.
You hit the ogre.
The ogre is heavily wounded.
The ogre hits you with a +0 giant club!
* * * LOW HITPOINT WARNING * * *
You see here 10 sling bullets.
You closely miss the ogre.
The ogre is moderately wounded.
The ogre hits you with a +0 giant club!!
You die...

########...........(....##
####........8.>.∩.<.8#
#[..................##
#....(........##8.###
..###.............##..#
...........)....>.##.##
..###.........######.#
(...#.........####...#
..#............O@....#
.............#####...#
.............## #...#
..............# #####
..............#
..............#
..............#
.............<..
..<.............


You could see an ogre.

Vanquished Creatures
  An orc priest (D:2)
  4 adders
  3 dart slugs
  4 orcs (D:3)
  3 bats
  5 endoplasms
  5 goblins
  4 hobgoblins
  7 jackals
  A quokka (D:1)
  2 ball pythons
  3 frilled lizards
  4 kobolds
  4 rats
50 creatures vanquished.

Vanquished Creatures (others)
  A human (D:3)
1 creature vanquished.

Grand Total: 51 creatures vanquished

Notes
Turn   | Place    | Note
-------+----------+-------------------------------------------
     0 | D:1      | mordus the Formicid Fighter began the quest for the Orb.
     0 | D:1      | Reached XP level 1. HP: 18/18 MP: 1/1
   145 | D:1      | Found a faded altar of an unknown god.
   231 | D:1      | Reached XP level 2. HP: 10/24 MP: 2/2
  1194 | D:2      | Reached XP level 3. HP: 29/29 MP: 3/3
  1827 | D:2      | Found Biup's Assorted Antiques.
  2279 | D:3      | Reached XP level 4. HP: 35/35 MP: 4/4
  2663 | D:2      | Reached XP level 5. HP: 33/41 MP: 5/5
  2906 | D:3      | Found an ancient bone altar of Kikubaaqudgha.
  2907 | D:3      | Noticed a human
  2910 | D:3      | Killed a human
  3225 | D:4      | Found Oronakip's Antique Weapon Emporium.
  3241 | D:4      | Noticed an ogre
  3248 | D:4      | HP: 2/41 [ogre (13)]
  3587 | D:4      | Mangled by an ogre

Illustrated notes

Levels and vault maps discovered:
D:1:      amcnicky_arrival_wind_blow, layout_basic,
          dreamdust_ecumenical_altar_angels_and_demons
D:2:      layout_basic, serial_shops, shop
D:3:      layout_basic, tgw_kikubaaqudgha
D:4:      layout_rooms, yredelemnul_altar_generic, temple_doors_cd,
          serial_shops, nicolae_stop_n_shop_2

Skill      XL: |  1  2  3  4 |
---------------+-------------+-----
Shields        | 4 |  4.6
Long Blades    | 3 |  3.9
Armour         | 4 |  4.1
Fighting       | |  3.2

Action                   |  1- 3 |  4- 6 || total
-------------------------+-------+-------++-------
Melee: Long sword        |    90 |    74 ||   164
Armor: Scale mail        |    26 |       ||    26
       Chain mail        |    29 |    29 ||    58
Dodge: Dodged            |    34 |    33 ||    67
Block: Buckler           |    16 |    13 ||    29

Table legend: (Time is in decaauts)
 A = Elapsed time spent in this place.
 B = Non-inter-level travel time spent in this place.
 C = Inter-level travel time spent in this place.
 D = Time resting spent in this place.
 E = Time spent auto-exploring this place.
 F = Levels seen in this place.
 G = Mean time per level.
                   A        B        C        D        E       F      G
               +--------+--------+--------+--------+--------+-----+--------+
         Total |   3633 |   3475 |    158 |    743 |   2230 |   4 |  908.2 |
       Dungeon |   3633 |   3475 |    158 |    743 |   2230 |   4 |  908.2 |
               +--------+--------+--------+--------+--------+-----+--------+

Top non-repeatable levels by time:
     D:3: 1287 daAuts
     D:2: 1111 daAuts
     D:1: 1089 daAuts
     D:4: 145 daAuts
